 Dungeon Crawl Stone Soup version 0.30-a0-760-g5a9884bb7c (webtiles) character file.

Game seed: 115724249588429525

3752 jimonade the Thaumaturge (level 10, -1/64 HPs)
             Began as a Djinni Venom Mage on Feb 10, 2023.
             Was an Initiate of Ashenzari.
             Killed from afar by an acid dragon (11 damage)
             ... with a splash of acid
             ... on level 7 of the Dungeon.
             The game lasted 00:23:33 (8169 turns).

jimonade the Thaumaturge (Djinni Venom Mage)        Turns: 8169, Time: 00:23:33

Health: -1/64      AC: 10    Str: 11    XL:     10   Next: 37%
Gold:   451        EV: 11    Int: 17    God:    Ashenzari [......] SH:  0 Dex: 14

rFire   + + .      SeeInvis .    a - staff of poison
rCold   x . .      Faith    .    (no shield)
rNeg    . . .      Spirit   .    i - +3 ring mail of Supernal Knowledge {Cun, Self} (curse)
rPois   ∞          Reflect  .    G - +0 helmet
rElec   .          Harm     .    d - +0 cloak
rCorr   .          Rampage  .    (no gloves)
Will    +....                    (boots unavailable)
Stlth   +                        (no amulet)
HPRegen 0.30/turn                (no ring)
MPRegen 0.00/turn                (no ring)

@: flying
A: sickness immunity, fire resistance 2, cold vulnerability 1, float, innate
caster, HP casting, extra vitality 1
a: Renounce Religion, Shatter the Chains


You were on level 7 of the Dungeon.
You worshipped Ashenzari.
Ashenzari was noncommittal.
You visited 2 branches of the dungeon, and saw 8 of its levels.
You also visited: Sewer.

You collected 451 gold pieces.

Inventory:

Hand Weapons
 b - the +6 short sword "Pomayr" {freeze, rF+ rN+ SInv}
   (You found it on level 4 of the Dungeon)

   rF:        It protects you from fire.
   rN:        It protects you from negative energy.
   SInv:      It lets you see invisible.
 o - a +3 spear
 u - a +0 shortbow
 w - a +0 sling
 y - a +1 war axe of electrocution
 A - a +4 long sword
Missiles
 x - 4 curare-tipped darts
Armour
 d - a +0 cloak (worn)
 g - a +0 robe
 i - the cursed +3 ring mail of Supernal Knowledge (worn) {Cun, Self}
   (You found it on level 1 of the Dungeon)

   It has a curse which improves the following skills: Cunning: Dodging and
   Stealth.
   Introspection: Fighting and Spellcasting.
 G - a +0 helmet (worn)
 P - +0 steam dragon scales
Magical Staves
 a - a staff of poison (weapon)
 m - a staff of death
Wands
 l - a wand of acid (5)
 q - a wand of roots (9)
 Q - a wand of flame (3)
Scrolls
 c - 10 scrolls of identify {unknown}
 h - 2 scrolls of poison {unknown}
 k - 2 scrolls of silence {unknown}
 n - 2 scrolls of enchant weapon {unknown}
 s - a scroll of brand weapon {unknown}
 v - 2 scrolls of amnesia {unknown}
 z - 2 scrolls of magic mapping {unknown}
 F - 2 scrolls of teleportation {unknown}
 H - a scroll of enchant armour {unknown}
 I - a scroll of fog {unknown}
 K - a scroll of immolation {unknown}
 L - a scroll of fear {unknown}
Potions
 e - 3 potions of heal wounds {unknown}
 f - 5 potions of curing {unknown}
 j - a potion of degeneration {unknown}
 p - a potion of invisibility {unknown}
 r - 2 potions of attraction {unknown}
 t - 5 potions of mutation {unknown}
 B - 2 potions of cancellation {unknown}
 C - 2 potions of might {unknown}
 D - 2 potions of magic
 E - a potion of flight {unknown}
 J - 2 potions of lignification {unknown}
 M - a potion of brilliance
 N - a potion of berserk rage {unknown}
 O - a potion of resistance {unknown}


   Skills:
 + Level 1.5(1.9) Fighting
 + Level 0.4 Armour
 + Level 3.3(3.7) Dodging
 - Level 1.5(1.9) Stealth
 * Level 11.0(11.4) Spellcasting


You had 13 spell levels left.
You knew the following spells:

 Your Spells              Type           Power      Damage    Failure   Level
a - Sting                 Tmut/Pois      100%       1d8       1%          1
b - Poisonous Vapours     Pois/Air       100%       N/A       1%          2
c - Mephitic Cloud        Conj/Pois/Air  65%        N/A       1%          3
d - Olgreb's Toxic Radia  Pois           65%        N/A       1%          4
e - Summon Small Mammal   Summ           100%       N/A       1%          1
f - Searing Ray           Conj           96%        2d7       1%          2
g - Call Imp              Summ           48%        N/A       1%          2
h - Ozocubu's Armour      Ice            48%        N/A       1%          3
Your spell library was empty.

Dungeon Overview and Level Annotations

Branches:
Dungeon (7/15)             Temple (1/1) D:6           Sewer (visited)

Altars:
Ashenzari
Cheibriados
Dithmenos
Elyvilon
Fedhas
Gozag
Hepliaklqana
Makhleb
Nemelex Xobeh
Okawaru
Qazlal
Ru
Trog
Uskayaw
Wu Jian
Xom
Yredelemnul
Zin
The Shining One

Shops:
D:3 (

Annotations:
D:2 exclusion: downstairs
D:4 exclusion: downstairs
D:6 Menkaure


Innate Abilities, Weirdness & Mutations

You are immune to sickness and miasma.
You are immune to poison.
Your flesh is very heat resistant. (rF++)
You are vulnerable to cold. (rC-)
You float through the air rather than walking.
You learn spells naturally, not from books.
Your magical power is your life essence.
You have superior vitality. (+4 MHP)


Message History

Your crimson imp dies!
Your crimson imp disappears in a puff of smoke!
Aiming: Poisonous Vapours (safe; 1% risk of failure)
Press: ? - help, Q - select action, (/) - cycle Dir - move target, f/p - boulder beetle
Aim: a boulder beetle (heavily wounded, extremely poisoned)
You feel a surge of power!
Poisonous vapours surround the boulder beetle!
The boulder beetle looks as sick as possible!
The acid dragon spits acid at you. The splash of acid misses you.
The boulder beetle curls into a ball and begins rolling!
You hear a shout! x3
The boulder beetle hits you!!
The boulder beetle stops rolling and uncurls.
Casting: Poisonous Vapours (safe; 1% risk of failure)
Confirm with . or Enter, or press ? or * to list all spells.
Aiming: Mephitic Cloud (safe; 1% risk of failure)
Press: ? - help, Shift-Dir - straight line, f/p - boulder beetle
Aim: a boulder beetle (almost dead, extremely poisoned, chance to affect: 43%)
You feel a surge of power!
The ball explodes into a vile cloud!
The stinking cloud engulfs the boulder beetle but does no damage.
The boulder beetle is almost dead.
The stinking cloud engulfs you but does no damage.
Something shouts, "Disclaim thyself, thou euchred fob-snatching efter!"
The boulder beetle is engulfed in noxious fumes.
The boulder beetle leaps!
You kill the boulder beetle!
Your Spellcasting skill increases to level 11!
The acid dragon spits acid at you. The splash of acid hits you!
* * * LOW HITPOINT WARNING * * *
Casting: Mephitic Cloud (safe; 1% risk of failure)
Confirm with . or Enter, or press ? or * to list all spells.
Okay, then.
The acid dragon spits acid at you. The splash of acid hits you!
* * * LOW HITPOINT WARNING * * *
The acid dragon spits acid at you. The splash of acid hits you!
You die...

#.[.#..#...#.#..5#..#...#
#....###...#(#..†###....#
#......#...#.#...#......#
#.###...###...###...###.# ##
#....#.....#.#.....#....# ###8
#....###...#.#...###...## #._.
#...#...#..#.#..#...#.## ##..
##..#...###...###...#.# #♣.
##...#...#....@..#...#.#######'
#.....###...###...###....##..#.
#.#..#.....#...#.....#.......D.
#.#..#...###...###...#.......##
#....#..#...#.#...#..#.###...#
###...###...#.#...###D..##..##
#.....#...#.#...#.........##.
###....###...###..)..........
#.......#.#...........)....


You could see an acid dragon (catching breath).

Vanquished Creatures
  A boulder beetle (D:7)
  Pikel (D:6)
  A troll (D:5)
  Eustachio (D:6)
  A steam dragon (D:6)
  Duvessa (D:6)
  An orc warrior (D:7)
  2 sky beasts
  A black bear (D:4)
  3 ice beasts
  An ogre (D:6)
  2 centaurs
  A kobold brigand (Sewer)
  A bullfrog (D:6)
  A necrophage (Sewer)
  2 gnoll sergeants (D:6)
  A scorpion (D:5)
  2 wights
  Dowan (D:6)
  A hound (D:6)
  A gnoll bouda (D:4)
  Terence (D:3)
  2 iguanas
  3 orc wizards
  Natasha (thrice) (D:4)
  A gnoll (D:4)
  A river rat (D:4)
  7 adders
  2 shadow imps
  A white imp (D:7)
  6 ufetubi
  2 worms (D:2)
  3 dart slugs
  11 orcs
  6 bats
  2 endoplasms
  6 giant cockroaches
  7 hobgoblins
  5 jackals
  22 kobolds
  5 quokkas
  7 ball pythons
  5 frilled lizards
  4 goblins
  A kobold zombie (Sewer)
  8 rats
148 creatures vanquished.

Vanquished Creatures (collateral kills)
  A water moccasin (D:7)
  A jelly (D:4)
  A hound (D:4)
  2 gnolls (D:4)
  An adder (D:4)
  A ball python (D:4)
  3 kobolds (Sewer)
10 creatures vanquished.

Vanquished Creatures (others)
  2 fungi (D:1)
  5 toadstools (D:1)
7 creatures vanquished.

Grand Total: 165 creatures vanquished

Notes
Turn   | Place    | Note
-------+----------+-------------------------------------------
     0 | D:1      | jimonade the Djinni Venom Mage began the quest for the Orb.
     0 | D:1      | jimonade set off with the following spells memorised:
                  | Sting, Poisonous Vapours, Mephitic Cloud, Olgreb's Toxic
                  | Radiance.
     0 | D:1      | Reached XP level 1. HP: 15/15 MP: 0/0
   115 | D:1      | Reached XP level 2. HP: 17/21 MP: 0/0
   235 | D:1      | Reached skill level 3 in Spellcasting
   635 | D:2      | Found a shadowy altar of Dithmenos.
   646 | D:2      | Reached XP level 3. HP: 2/26 MP: 0/0
   646 | D:2      | Learned a level 1 spell: Summon Small Mammal
  1103 | D:2      | Reached XP level 4. HP: 27/31 MP: 0/0
  1856 | D:3      | Noticed a centaur
  2062 | D:3      | Noticed a sky beast
  2295 | D:3      | Found Jetzam's Weapon Emporium.
  2303 | D:3      | Noticed Terence
  2310 | D:3      | Killed Terence
  2311 | D:3      | Reached skill level 4 in Spellcasting
  2475 | D:3      | Reached XP level 5. HP: 23/36 MP: 0/0
  2475 | D:3      | Learned a level 2 spell: Searing Ray
  2635 | D:3      | Killed a centaur
  2711 | D:3      | Found a faded altar of an unknown god.
  2861 | D:3      | Killed a sky beast
  2862 | D:3      | Reached skill level 5 in Spellcasting
  2862 | D:3      | Reached XP level 6. HP: 36/41 MP: 0/0
  3203 | D:4      | Noticed a black bear
  3218 | D:4      | Killed a black bear
  3219 | D:4      | Reached XP level 7. HP: 30/46 MP: 0/0
  3219 | D:4      | Learned a level 2 spell: Call Imp
  3384 | D:4      | Found a glowing drain.
  3388 | Sewer    | Entered a sewer
  3589 | Sewer    | Reached skill level 1 in Fighting
  3589 | Sewer    | Reached skill level 6 in Spellcasting
  3820 | Sewer    | Noticed Grinder
  4052 | D:4      | Noticed Natasha
  4056 | D:4      | Killed Natasha
  4114 | D:4      | Reached XP level 8. HP: 45/52 MP: 0/0
  4425 | D:4      | Noticed Natasha
  4431 | D:4      | Killed Natasha
  4482 | D:4      | Noticed Natasha
  4487 | D:4      | Killed Natasha
  4638 | D:4      | Identified the +6 short sword "Pomayr" {freeze, rF+ rN+
                  | SInv}
  4702 | D:4      | Reached skill level 7 in Spellcasting
  4793 | D:5      | Entered Level 5 of the Dungeon
  5421 | D:5      | Noticed a troll
  5441 | D:5      | Killed a troll
  5442 | D:5      | Reached skill level 8 in Spellcasting
  5977 | D:5      | Found a hide-covered altar of Uskayaw.
  5983 | D:5      | Found a sparkling altar of Nemelex Xobeh.
  5983 | D:5      | Found a shadowy altar of Dithmenos.
  5994 | D:5      | Found a stormy altar of Qazlal.
  5997 | D:5      | Found a basalt altar of Yredelemnul.
  6097 | D:5      | Reached XP level 9. HP: 54/57 MP: 0/0
  6097 | D:5      | Learned a level 3 spell: Ozocubu's Armour
  6204 | D:6      | Found a staircase to the Ecumenical Temple.
  6211 | Temple   | Entered the Ecumenical Temple
  6314 | Temple   | Became a worshipper of Ashenzari the Shackled
  6443 | D:6      | Noticed Eustachio
  6464 | D:6      | Killed Eustachio
  6605 | D:6      | Reached skill level 9 in Spellcasting
  6610 | D:6      | Noticed Duvessa
  6615 | D:6      | Noticed Dowan
  6618 | D:6      | Killed Duvessa
  6619 | D:6      | Killed Dowan
  6816 | D:6      | Noticed Menkaure
  7364 | D:6      | Noticed Pikel
  7370 | D:6      | Killed Pikel
  7371 | D:6      | Reached skill level 10 in Spellcasting
  7837 | D:6      | Reached XP level 10. HP: 55/62 MP: 0/0
  8138 | D:7      | Found an ornate altar of the Wu Jian Council.
  8146 | D:7      | Noticed a boulder beetle
  8156 | D:7      | Killed a boulder beetle
  8157 | D:7      | Reached skill level 11 in Spellcasting
  8169 | D:7      | Killed from afar by an acid dragon

Illustrated notes

Levels and vault maps discovered:
D:1:      denvon_arrival_hothouse, layout_rooms, minmay_gold_behind_fungi,
          kennysheep_another_room
D:2:      minmay_door_path, layout_loops_ring, basic_altar
D:3:      layout_basic, basic_ecumenical_altar, serial_shops, shop, uniq_terence
D:4:      layout_loops_corners, gup_sewer_entry_bowl, grunt_ministairs_9,
          uniq_natasha
D:5:      layout_basic, minmay_overflow_temple_star_hex
D:6:      layout_rooms, minmay_temple_entry_mist, sword_in_stone, uniq_duvessa,
          uniq_pikel, uniq_menkaure, uniq_grinder
D:7:      layout_rooms, gammafunk_temple_overflow_statue, serial_corexii_hall,
          corexii_hall_statues_s, chequers_hall_statues_wall_a, nicolae_titane
Temple:   nicolae_temple_two_arcs

Skill      XL: |  1  2  3  4  5  6  7  8  9 10 |
---------------+-------------------------------+-----
Spellcasting   | 3 4 5 6 8 10 11 | 11.0
Fighting       | 1 |  1.5
Dodging        | 3 |  3.3
Armour         | |  0.4
Stealth        | |  1.5

Action                     |  1- 3 |  4- 6 |  7- 9 | 10-12 || total
---------------------------+-------+-------+-------+-------++-------
   Cast: Sting             |    74 |     5 |       |       ||    79
         Poisonous Vapours |       |    61 |    87 |     6 ||   154
         Mephitic Cloud    |       |     3 |    13 |     2 ||    18
         Searing Ray       |       |     5 |    27 |     6 ||    38
         Call Imp          |       |       |    18 |     3 ||    21
         Olgreb's Toxic Ra |       |       |    11 |     3 ||    14
         Summon Small Mamm |       |       |     1 |       ||     1
         Ozocubu's Armour  |       |       |     1 |     1 ||     2
 Invoke: Curse Item        |       |       |       |     1 ||     1
 Armour: Robe              |    11 |    13 |     8 |       ||    32
         Ring mail         |       |       |       |     4 ||     4
  Dodge: Dodged            |    21 |    27 |    36 |     8 ||    92

Table legend: (Time is in decaauts)
 A = Elapsed time spent in this place.
 B = Non-inter-level travel time spent in this place.
 C = Inter-level travel time spent in this place.
 D = Time resting spent in this place.
 E = Time spent auto-exploring this place.
 F = Levels seen in this place.
 G = Mean time per level.
                   A        B        C        D        E       F      G
               +--------+--------+--------+--------+--------+-----+--------+
         Total |   8173 |   7408 |    765 |   1203 |   4018 |   9 |  908.1 |
       Dungeon |   7605 |   6847 |    758 |   1141 |   3698 |   7 | 1086.4 |
        Temple |    111 |    104 |      7 |      0 |     78 |   1 |  111.0 |
         Sewer |    455 |    455 |      0 |     62 |    242 |   1 |  455.0 |
               +--------+--------+--------+--------+--------+-----+--------+

Top non-repeatable levels by time:
     D:5: 1902 daAuts
     D:4: 1648 daAuts
     D:2: 1336 daAuts
     D:3: 927 daAuts
     D:6: 774 daAuts
     D:1: 728 daAuts
   Sewer: 455 daAuts
     D:7: 287 daAuts
  Temple: 111 daAuts
